 Dungeon Crawl Stone Soup version 0.30-a0-883-g5ad918d77d (webtiles) character file.

Game seed: 14147805990721694638

96 Pimp the Sneak (level 4, -2/27 HPs)
             Began as an Octopode Fire Elementalist on Mar 16, 2023.
             Slain by Grinder (5 damage)
             ... on level 3 of the Dungeon.
             The game lasted 00:06:08 (2275 turns).

Pimp the Sneak (Octopode Fire Elementalist)         Turns: 2275, Time: 00:06:10

Health: -2/27      AC:  3    Str: 21    XL:     4   Next: 67%
Magic:  3/7        EV: 13    Int: 19    God:
Gold:   128        SH:  0    Dex: 12    Spells: 5/8 levels left

rFire   . . .      SeeInvis .    j - +1 war axe of the Dead {flame, Fragile rPois rCorr Str+8}
rCold   . . .      Faith    .    (no shield)
rNeg    . . .      Spirit   .    c - +2 hat
rPois   +          Reflect  .    (no amulet)
rElec   .          Rampage  .    d - +6 ring of strength
rCorr   +                        (no ring)
Will    .....                    (no ring)
Stlth   +++                      (no ring)
HPRegen 0.24/turn                (no ring)
MPRegen 0.10/turn                (no ring)
                                 (no ring)
                                 (no ring)

@: weak-willed
A: almost no armour, amphibious, 8 rings, camouflage 1, gelatinous body 1,
(nimble swimmer 1), tentacles
a: no special abilities


You were on level 3 of the Dungeon.
You visited 1 branch of the dungeon, and saw 3 of its levels.

You collected 128 gold pieces.

Inventory:

Hand Weapons
 j - the +1 war axe of the Dead (weapon) {flame, Fragile rPois rCorr Str+8}
   (You found it on level 2 of the Dungeon)

   Str:       It affects your strength (+8).
   rPois:     It protects you from poison.
   rCorr:     It protects you from acid and corrosion.
   Fragile:   It will be destroyed if unequipped.
Armour
 c - a +2 hat (worn)
Jewellery
 d - a +6 ring of strength (left tentacle)
 i - a ring of poison resistance
Scrolls
 l - a scroll of poison
Potions
 a - 2 potions of magic
 b - a potion of curing
 g - a potion of might
 h - a potion of mutation {unknown}
 k - 3 potions of attraction {unknown}
 n - a potion of brilliance {unknown}


   Skills:
 + Level 0.8 Fighting
 * Level 1.1 Axes
 + Level 2.6 Dodging
 + Level 3.5 Stealth
 + Level 2.5 Spellcasting
 + Level 1.7 Conjurations
 + Level 3.4 Fire Magic


You had 5 spell levels left.
You knew the following spells:

 Your Spells              Type           Power      Damage    Failure   Level
a - Foxfire               Conj/Fire      48%        2x1d6     5%          1
b - Scorch                Fire           30%        2d7       6%          2

Your spell library contained the following spells:

 Spells                   Type           Power      Damage    Failure   Level
 Inner Flame              Hex/Fire       8%         N/A       24%         3
 Kindle Blastsparks       Fire/Tloc/Air  12%        2d11      30%         3
 Flame Wave               Conj/Fire      12%        2d6       50%         4


Dungeon Overview and Level Annotations

Branches:
Dungeon (3/15)

Altars:

Annotations:
D:3 Grinder


Innate Abilities, Weirdness & Mutations

You cannot wear most types of armour.
You are amphibious.
You can wear up to eight rings at the same time.
Your skin changes colour to match your surroundings (Stealth+).
Your rubbery body absorbs attacks. (AC +1, EV +1)
((You are camouflaged when in or above water. (Stealth+)))
You have tentacles for arms and can constrict up to eight enemies at once.


Message History

b - a potion of curing
As you read the scroll of identify, it crumbles to dust.
g - a potion of might
As you read the scroll labelled NIULEA WIKIMOO, it crumbles to dust.
Magic quickly surges around you.
It was a scroll of vulnerability.
As you read the scroll labelled XOBAKHL YDWYLEXT, it crumbles to dust.
You hear a loud clanging noise!
It was a scroll of noise.
You hear a shout! x3
You start waiting.
Grinder is nearby!
Grinder is nearby!
Casting: Foxfire (safe; 5% risk of failure)
Confirm with . or Enter, or press ? or * to list all spells.
Flames lash Grinder.
Grinder shouts!
Grinder is lightly wounded.
Grinder's fire resistance burns away.
Grinder gestures at you.
You struggle to resist.
Casting: Scorch (safe; 6% risk of failure)
Confirm with . or Enter, or press ? or * to list all spells.
You conjure some foxfire!
The foxfire hits Grinder.
Grinder is burned terribly!
Grinder is moderately wounded.
The foxfire hits Grinder.
Grinder is moderately wounded.
A hobgoblin comes into view.
You closely miss Grinder. Your grab misses Grinder. You squeeze Grinder.
Grinder is heavily wounded.
Grinder is no longer more vulnerable to fire.
Grinder hits you!
You writhe in agony.
Grinder hits you.
You writhe in agony.
* * * LOW HITPOINT WARNING * * *
Casting: Foxfire (safe; 5% risk of failure)
Confirm with . or Enter, or press ? or * to list all spells.
You conjure some foxfire!
The hobgoblin completely misses you. Grinder hits you.
* * * LOW HITPOINT WARNING * * *
You writhe in agony.
You die...

##.. ### ... .5..# ##
...+ P ...+ ...#
###### #..#
#####....#####+##..#
....'.....##....5g.###
#.###.....##....@....#
#.# #.....##...vv#+###
#.# #.....##.....# #.#
#.....##.....#
#.######...'.....#
###########
#.........########
#....)....#
###....####
#.#######.# ....##.#
###########.# #.#
######.#
#...PPP...#.#### #.#


You could see Grinder and a hobgoblin (ally target).

Vanquished Creatures
  Jessica (D:2)
  2 adders
  A worm (D:2)
  3 dart slugs
  An orc (D:3)
  3 endoplasms
  A giant cockroach (D:1)
  5 goblins
  5 hobgoblins
  4 kobolds
  A quokka (D:1)
  4 ball pythons
  5 bats
  3 frilled lizards
  2 rats (D:2)
41 creatures vanquished.

Vanquished Creatures (others)
  41 foxfires
41 creatures vanquished.

Grand Total: 82 creatures vanquished

Notes
Turn   | Place    | Note
-------+----------+-------------------------------------------
     0 | D:1      | Pimp the Octopode Fire Elementalist began the quest for the
                  | Orb.
     0 | D:1      | Reached XP level 1. HP: 11/11 MP: 3/3
   199 | D:1      | Reached XP level 2. HP: 17/17 MP: 5/5
   309 | D:1      | Learned a level 2 spell: Scorch
   569 | D:1      | You fall into a shaft and drop 1 floor!
  1043 | D:1      | Reached XP level 3. HP: 21/21 MP: 6/6
  1067 | D:1      | Found a faded altar of an unknown god.
  1223 | D:2      | Identified the +1 war axe of the Dead {flame, Fragile rPois
                  | rCorr Str+8}
  1294 | D:2      | Identified a scroll of acquirement
  1294 | D:2      | Acquired a +6 ring of strength
  1479 | D:2      | Noticed Jessica
  1483 | D:2      | Killed Jessica
  1484 | D:2      | Reached XP level 4. HP: 27/27 MP: 7/7
  1732 | D:2      | Reached skill level 1 in Axes
  2260 | D:3      | Noticed Grinder
  2275 | D:3      | Slain by Grinder

Illustrated notes

Levels and vault maps discovered:
D:1:      evilmike_arrival_plus, layout_basic,
          shapermc_ecumenical_altar_mp_ritualfount,
          chequers_serial_rivers_small_3
D:2:      layout_loops_ring, uniq_jessica
D:3:      layout_basic, minmay_overflow_temple_hex, serial_aquarium,
          aquarium_bridge_straight [aquarium_subvault_bridge,
          aquarium_subvault_wall, aquarium_subvault_bridge,
          aquarium_subvault_window], aquarium_bridge_long_separate
          [aquarium_subvault_bridge, aquarium_subvault_bridge,
          aquarium_subvault_wall, aquarium_subvault_window,
          aquarium_subvault_bridge, aquarium_subvault_bridge],
          aquarium_window_1, aquarium_window_1, aquarium_view_2c,
          aquarium_view_2b, aquarium_balcony_5b, aquarium_pool_S, uniq_grinder

Skill      XL: |  1  2  3  4 |
---------------+-------------+-----
Stealth        | 3 |  3.5
Axes           | 1 |  1.1
Fighting       | |  0.8
Dodging        | |  2.6
Spellcasting   | |  2.5
Conjurations   | |  1.7
Fire Magic     | |  3.4

Action                     |  1- 3 |  4- 6 || total
---------------------------+-------+-------++-------
  Melee: Unarmed           |    27 |       ||    27
         Constrict         |    10 |     2 ||    12
         Tentacles         |     7 |     2 ||     9
         War axe           |     8 |    14 ||    22
   Cast: Foxfire           |    26 |     2 ||    28
         Scorch            |     3 |     1 ||     4
    Use: Scroll            |     6 |     4 ||    10
   Stab: Sleeping          |     8 |     5 ||    13
 Armour: Skin              |    10 |     4 ||    14
  Dodge: Dodged            |    22 |     4 ||    26

Table legend: (Time is in decaauts)
 A = Elapsed time spent in this place.
 B = Non-inter-level travel time spent in this place.
 C = Inter-level travel time spent in this place.
 D = Time resting spent in this place.
 E = Time spent auto-exploring this place.
 F = Levels seen in this place.
 G = Mean time per level.
                   A        B        C        D        E       F      G
               +--------+--------+--------+--------+--------+-----+--------+
         Total |   2283 |   2244 |     39 |    334 |   1465 |   3 |  761.0 |
       Dungeon |   2283 |   2244 |     39 |    334 |   1465 |   3 |  761.0 |
               +--------+--------+--------+--------+--------+-----+--------+

Top non-repeatable levels by time:
     D:1: 1046 daAuts
     D:2: 803 daAuts
     D:3: 432 daAuts
